 Dungeon Crawl Stone Soup version 0.31.0-10-gcf4a605ca0 (webtiles) character file.

Game seed: 12178791743513446729

109 Gogs the Chopper (level 4, -2/41 HPs)
             Began as a Hill Orc Fighter on Jan 25, 2024.
             Incinerated by a bombardier beetle (6 damage)
             ... with a burning spray
             ... on level 3 of the Dungeon.
             The game lasted 00:06:45 (1833 turns).

Gogs the Chopper (Hill Orc Fighter)                 Turns: 1833, Time: 00:06:45

Health: -2/41      AC:  7    Str: 20    XL:     4   Next: 90%
Magic:  4/4        EV:  9    Int:  8    God:
Gold:   123        SH:  4    Dex: 10    Spells: 3/3 levels left

rFire   . . .        a - +0 war axe
rCold   . . .        c - +0 buckler
rNeg    . . .        h - +0 scale mail
rPois   .            (no helmet)
rElec   .            (no cloak)
rCorr   .            (no gloves)
SInv    .            (no boots)
Will    .....        (no amulet) Stlth
                     (no ring)
HPRegen 0.26/turn    (no ring)
MPRegen 0.09/turn

%: no passive effects
@: on fire, glowing
A: no striking features
a: no special abilities


You were on level 3 of the Dungeon.
You visited 1 branch of the dungeon, and saw 3 of its levels.

You collected 123 gold pieces.

Inventory:

Hand Weapons
 a - a +0 war axe (weapon)
 b - a +1 mace of holy wrath
 w - a +0 sling
Missiles
 g - 23 stones (quivered)
 i - 4 javelins
 l - 4 poisoned darts
Armour
 c - a +0 buckler (worn)
 h - a +0 scale mail (worn)
Scrolls
 e - a scroll of immolation
 m - 2 scrolls of silence
Potions
 d - 2 potions of might
 f - a potion of curing
 p - 2 potions of heal wounds


   Skills:
 + Level 4.3 Fighting
 * Level 4.5 Axes
 + Level 4.0 Armour
 + Level 3.9 Shields


You had 3 spell levels left.
You didn't know any spells.
Your spell library contained the following spells:

 Spells                   Type           Power      Damage    Failure   Level
 Frozen Ramparts          Ice            0%         1d1       99%         3
 Leda's Liquefaction      Alch/Erth      0%         N/A       100%        4
 Petrify                  Alch/Erth      0%         N/A       100%        4
 Metabolic Englaciation   Hex/Ice        0%         N/A       100%        5


Dungeon Overview and Level Annotations

Branches:
Dungeon (3/15)

Altars:
Sif Muna


Message History

The liquid fire burns you!
You shake off some of the fire as you move.
The liquid fire burns you!
The bombardier beetle bites you but does no damage.
You hit the bombardier beetle.
The bombardier beetle is lightly wounded.
The liquid fire burns you!
You block the bombardier beetle's attack.
You are too injured to fight recklessly!
You are too injured to fight recklessly!
You are too injured to fight recklessly!
You barely miss the bombardier beetle.
The bombardier beetle is lightly wounded.
The liquid fire burns you!
You barely miss the bombardier beetle.
The bombardier beetle is lightly wounded.
You slash the ball python!
You kill the ball python!
The liquid fire burns you!
The bombardier beetle sprays incendiary fluid at you.
The burning spray hits you.
You are even more covered in liquid fire!
You closely miss the bombardier beetle.
The bombardier beetle is lightly wounded.
The liquid fire burns you!
The bombardier beetle bites you but does no damage.
You slash the bombardier beetle!
The bombardier beetle is heavily wounded.
The liquid fire burns you!
* * * LOW HITPOINT WARNING * * *
The bombardier beetle bites you.
* * * LOW HITPOINT WARNING * * *
You hit the bombardier beetle.
The bombardier beetle is severely wounded.
The liquid fire burns you!
* * * LOW HITPOINT WARNING * * *
You completely miss the bombardier beetle.
The bombardier beetle is severely wounded.
The liquid fire burns you!
You die...

# #._.#.#'##
#.<..#.#
#.#...#.#..#
######.#
+.......'..#
..#
#.####'####..#
.... #.....+#
#### #.#.#
#.#....###
#.#.# #.##...#
#.#.#
#.####.######
# #.#
#.......@B..+
.........#..##
.........#...#
.............#
.........###.#
.#..#..#.. ..
..#..#...# #.
..#..#... ..


You could see a bombardier beetle.

Vanquished Creatures
  A sleepcap (D:3)
  2 adders
  A dart slug (D:3)
  6 ball pythons
  3 bats
  6 endoplasms
  4 giant cockroaches
  7 goblins
  6 hobgoblins
  7 kobolds
  5 quokkas
  5 frilled lizards
  3 rats
56 creatures vanquished.

Notes
Turn   | Place    | Note
-------+----------+-------------------------------------------
     0 | D:1      | Gogs the Hill Orc Fighter began the quest for the Orb.
     0 | D:1      | Reached XP level 1. HP: 19/19 MP: 1/1
    84 | D:1      | Reached XP level 2. HP: 22/27 MP: 2/2
   468 | D:1      | Reached XP level 3. HP: 24/33 MP: 3/3
  1296 | D:2      | Reached XP level 4. HP: 40/40 MP: 4/4
  1439 | D:2      | Found a faded altar of an unknown god.
  1796 | D:3      | Found a shimmering blue altar of Sif Muna.
  1833 | D:3      | Incinerated by a bombardier beetle

Illustrated notes

Levels and vault maps discovered:
D:1:      dpeg_arrival_fog, layout_loops_ring
D:2:      layout_rooms, shapermc_ecumenical_altar_mp_vishouse
D:3:      layout_basic, nicolae_overflow_ecumenical_swirl,
          mainiacjoe_overflow_six_doors_small, grunt_decor_resistance,
          minmay_misc_feat_diagonals, feat_on_display

Skill      XL: |  1  2  3  4 |
---------------+-------------+-----
Axes           | 3 4 |  4.5
Fighting       | 4 |  4.3
Armour         | 4 |  4.0
Shields        | |  3.9

Action                     |  1- 3 |  4- 6 || total
---------------------------+-------+-------++-------
  Melee: War axe           |   127 |    49 ||   176
    Use: Scroll            |     3 |     6 ||     9
 Armour: Scale mail        |    74 |    29 ||   103
  Dodge: Dodged            |    62 |    18 ||    80
  Block: Buckler           |    30 |     9 ||    39
